[Event "XXII Obert Internacional d'Escacs Sant Marti 2022"]
[Site "Barcelona, Spain"]
[Date "2022.07.17"]
[Round "5.1"]
[White "Pena Gomez, Manuel"]
[Black "Aronyak, Ghosh"]
[Result "1/2-1/2"]
[TimeControl "1.30 fb 30"]
[WhiteElo "2492"]
[BlackElo "2486"]

1. e4 c6 2. d4 d5 3. Nd2 dxe4 4. Nxe4 Nd7 5. Ng5 Ngf6 6. Bd3 e6 7. N1f3 Bd6 8. Qe2 h6 9. Ne4 Nxe4 10.
Qxe4 Qc7 11. O-O Nf6 12. Qe2 b6 13. a4 Bb7 14. a5 Rd8 15. Bd2 O-O 16. b4 Rc8 17. axb6 axb6 18. Ba6 b5 19. Bxb7 Qxb7 20. Ra3 Ra8 21.
Rb3 Qb6 22. g4 Nd5 23. g5 Nf4 24. Qe4 f5 25. Qe1 Rae8 26. gxh6 gxh6 27. Kh1 Kh7 28. Rg1 Rf6 29. Qe3 Qb7 30.
Ne5 c5+ 31. Qf3 Qxf3+ 32. Nxf3 cxb4 33. Bxf4 Bxf4 34. Rxb4 Rc8 35. d5 Bd6 36. Rxb5 exd5 37. Nd4 Ra8 1/2-1/2

[Event "XXII Obert Internacional d'Escacs Sant Marti 2022"]
[Site "Barcelona, Spain"]
[Date "2022.07.17"]
[Round "5.2"]
[White "Diermair, Andreas"]
[Black "Asis Gargatagli, Hipolito"]
[Result "1/2-1/2"]
[TimeControl "1.30 fb 30"]
[WhiteElo "2452"]
[BlackElo "2514"]

1. d4 Nf6 2. c4 g6 3. Nf3 Bg7 4. g3 O-O 5. Bg2 c6 6. O-O d5 7. b3 dxc4 8. bxc4 c5 9. Bb2 cxd4 10.
Nxd4 Qb6 11. Qc1 Bd7 12. Nd2 Nc6 13. e3 Rac8 14. Bc3 Qa6 15. Qb2 b6 16. Rfd1 Ne5 17. Bf1 Ba4 18. Rdc1 Ned7 19.
c5 Qb7 20. Bg2 Qb8 21. cxb6 Nxb6 22. Qa3 Nfd5 23. Ba5 1/2-1/2

[Event "XXII Obert Internacional d'Escacs Sant Marti 2022"]
[Site "Barcelona, Spain"]
[Date "2022.07.17"]
[Round "5.3"]
[White "Roshka, Yevgeniy"]
[Black "Kovchan, Alexander"]
[Result "1/2-1/2"]
[TimeControl "1.30 fb 30"]
[WhiteElo "2497"]
[BlackElo "2468"]

1. d4 Nf6 2. c4 g6 3. h4 Bg7 4. Nc3 c5 5. d5 d6 6. e4 e6 7. Be2 exd5 8. exd5 Nbd7 9. Nf3 Ng4 10.
h5 O-O 11. Ng5 Re8 12. Kf1 Ndf6 13. hxg6 hxg6 14. g3 Bf5 15. Rh4 Qd7 16. Kg2 Re7 17. Bf4 Rae8 18. a4 a6 19. a5 Ne5 20.
Ra3 Qc7 21. g4 Bc8 22. f3 b6 23. Qh1 Nexg4 24. Nce4 Bf5 25. Kf1 Nh5 26. Rxh5 gxh5 27. Bxd6 Rxe4 28. Bxc7 Rxe2 29. Ne4 Rxb2 30.
Qxh5 Bxe4 31. Qxg4 Bg6 32. f4 Rb1+ 33. Kg2 Be4+ 34. Kf2 Rb2+ 35. Kg1 Rb1+ 36. Kf2 Rb2+ 37. Kf1 1/2-1/2

[Event "XXII Obert Internacional d'Escacs Sant Marti 2022"]
[Site "Barcelona, Spain"]
[Date "2022.07.17"]
[Round "5.4"]
[White "Sauravh, Khherdekar"]
[Black "Berdayes Ason, Dylan Isidro"]
[Result "0-1"]
[TimeControl "1.30 fb 30"]
[WhiteElo "2219"]
[BlackElo "2480"]

1. d4 Nf6 2. Nf3 d5 3. c4 e6 4. g3 Bb4+ 5. Bd2 Be7 6. Bg2 O-O 7. O-O Nbd7 8. Qc2 Ne4 9. Nc3 Nxd2 10.
Nxd2 c6 11. e4 dxe4 12. Ndxe4 f5 13. Nd2 e5 14. dxe5 Nxe5 15. Rfe1 Qc7 16. Nf3 Nxf3+ 17. Bxf3 Bf6 18. b3 Qa5 19.
Rac1 Bd7 20. Ne2 Rae8 21. Red1 Bc8 22. Qd2 Qc7 23. Qd6 Qf7 24. Qa3 a6 25. Nf4 Be5 26. Nd3 Bc7 27. Re1 f4 28.
Rxe8 Rxe8 29. Re1 fxg3 30. Rxe8+ Qxe8 31. hxg3 Bf5 32. Nf4 Qe1+ 33. Kg2 Bb6 34. Qb2 Kf8 35. Nh5 Qe7 36. Qd2 Qc5 37. g4 Be6 38. Qf4+ Ke7 39. Be4 Qd4 40. Bxh7 Bxg4 41. Qxd4 Bxd4 42. Nf4 Kd6 43. f3 Bd7 44. Kf1 Ke5 45. Nd3+ Kf6 46. Be4 Kg5 47. Ke2 a5 48. Nc1 Kf4 49. Kd3 Bb2 50. Ne2+ Ke5 51. a4 g5 52. Kc2 Ba3 53. Bg6 Bh3 54. Kd3 Bf1 55. Kd2 Bb4+ 56. Ke3 Bc5+ 57. Kd2 Bg2 58. Bh5 Bh3 59. Bg6 Kf6 60. Be4 Ke5 61. Bg6 Bf2 62. Kd3 Bf1 63. Bh5 Bh3 64. Bg6 Bb6 65. Be4 Bf1 66. Bg6 Kd6 67. Kd2 Bg2 68. Bh5 Kc5 69. Kc2 Bc7 70. Nc3 Kd4 71. Nd1 Bf1 72. Bg4 Bd3+ 73. Kb2 Bf4 74. Nf2 Be2 75. Kc2 Bf1 76. Nd1 Bd3+ 77. Kb2 Bg6 78. Nf2 Ke3 79. Ne4 b6 80. Kc2 Kd4 81. Bd7 Bh5 0-1

[Event "XXII Obert Internacional d'Escacs Sant Marti 2022"]
[Site "Barcelona, Spain"]
[Date "2022.07.17"]
[Round "5.5"]
[White "Tanaka, Taira Tyler"]
[Black "Narciso Dublan, Marc"]
[Result "1/2-1/2"]
[TimeControl "1.30 fb 30"]
[WhiteElo "2242"]
[BlackElo "2461"]

1. e4 e6 2. d4 d5 3. Nd2 Nf6 4. e5 Nfd7 5. Bd3 c5 6. c3 b6 7. Ne2 Ba6 8. Bxa6 Nxa6 9. O-O Nc7 10.
f4 Be7 11. Nf3 h5 12. Be3 g6 13. Ng5 c4 14. g4 hxg4 15. Ng3 Rh4 16. Qc2 Nf8 17. Qf2 Nh7 18. Ne2 Rh5 19. Ng3 Rh4 20.
Ne2 Rh5 21. Ng3 Rh4 1/2-1/2

[Event "XXII Obert Internacional d'Escacs Sant Marti 2022"]
[Site "Barcelona, Spain"]
[Date "2022.07.17"]
[Round "5.6"]
[White "Anustoop, Biswas"]
[Black "Valenzuela Gomez, Fernando"]
[Result "1/2-1/2"]
[TimeControl "1.30 fb 30"]
[WhiteElo "2175"]
[BlackElo "2373"]

1. e4 c5 2. Nf3 d6 3. d4 cxd4 4. Nxd4 Nf6 5. Nc3 a6 6. Bg5 Nbd7 7. Bc4 Qb6 8. Bb3 e6 9. Bxf6 Nxf6 10.
Qd2 Nd7 11. O-O-O Nc5 12. f4 Bd7 13. f5 O-O-O 14. Kb1 g6 15. Qg5 Bg7 16. f6 h6 17. Qh4 g5 18. Qf2 Bf8 19. Qg3 Rg8 20.
Rhf1 Rg6 21. Bc4 Be8 22. Be2 Nd7 23. Bg4 Kb8 24. Bxe6 fxe6 25. Nxe6 Rxf6 26. Nd5 Rxf1 27. Rxf1 Qb5 28. Qf2 Rc8 29. a4 Qxa4 30. Nxf8 Ne5 31. Nb6 Qb5 32.
Nxc8 Nc4 33. b3 Nd2+ 34. Qxd2 Qxf1+ 35. Ka2 Qxf8 36. Qxd6+ Qxd6 37. Nxd6 Bc6 38. g4 Kc7 39. e5 Kd7 40.
Nf5 Ke6 41. Nxh6 Kxe5 42. Ka3 Kf4 43. Kb4 1/2-1/2

[Event "XXII Obert Internacional d'Escacs Sant Marti 2022"]
[Site "Barcelona, Spain"]
[Date "2022.07.17"]
[Round "5.7"]
[White "D`costa, Lorin"]
[Black "Martin Barcelo, Carles"]
[Result "1-0"]
[TimeControl "1.30 fb 30"]
[WhiteElo "2372"]
[BlackElo "2221"]

1. d4 Nf6 2. c4 g6 3. Nc3 Bg7 4. e4 d6 5. Be2 O-O 6. Be3 c5 7. d5 e6 8. Nf3 exd5 9. cxd5 Bg4 10.
Nd2 Bxe2 11. Qxe2 Re8 12. O-O Na6 13. f3 Nc7 14. Qd3 b5 15. Rae1 a6 16. Kh1 Rc8 17. Bg5 h6 18. Bh4 g5 19.
Bf2 Nd7 20. Qc2 Ne5 21. b3 c4 22. bxc4 bxc4 23. Rb1 Qf6 24. Bd4 Qe7 25. Rb7 Nd7 26. Bxg7 Kxg7 27. Nxc4 Nb5 28. Nxb5 axb5 29.
Qb2+ Qf6 30. Qxf6+ 1-0

[Event "XXII Obert Internacional d'Escacs Sant Marti 2022"]
[Site "Barcelona, Spain"]
[Date "2022.07.17"]
[Round "5.8"]
[White "Macak, Stefan"]
[Black "Pimpalkhare, Vedant"]
[Result "1/2-1/2"]
[TimeControl "1.30 fb 30"]
[WhiteElo "2363"]
[BlackElo "2057"]

1. d4 e6 2. c4 Nf6 3. Nc3 d5 4. cxd5 Nxd5 5. e4 Nxc3 6. bxc3 c5 7. Nf3 cxd4 8. cxd4 Bb4+ 9. Bd2 Bxd2+ 10. Qxd2 O-O 11. Bc4 b6 12. O-O Bb7 13. Rfe1 Nd7 14. Rad1 Rc8 15. Bb3 Re8 16. h3 b5 17. d5 exd5 18.
exd5 Nb6 19. Rxe8+ Qxe8 20. Qa5 Ra8 21. Nd4 Bxd5 22. Nxb5 Bxb3 23. axb3 Qe7 24. Nxa7 Qf6 25. Qd2 h6 26.
Qd6 Qxd6 27. Rxd6 Rxa7 28. Rxb6 Ra1+ 29. Kh2 Rb1 30. g4 g5 31. Kg3 Rg1+ 32. Kf3 Kg7 33. Rd6 Rh1 34. Kg2 Rb1 35.
Rd3 Kg6 36. Kf3 Rb2 37. Ke3 h5 38. Kf3 f6 39. Kg3 Kh6 40. Kf3 Kg6 41. Rc3 Kh6 42. Ke4 Rxf2 43. Rf3 Re2+ 44. Kf5 hxg4 45.
Kxg4 Kg6 46. Rc3 f5+ 47. Kf3 Rh2 48. Kg3 Rb2 49. h4 1/2-1/2

[Event "XXII Obert Internacional d'Escacs Sant Marti 2022"]
[Site "Barcelona, Spain"]
[Date "2022.07.17"]
[Round "5.9"]
[White "Barbero Sendic, Alejandro"]
[Black "Deodhar, Vrushali Umesh"]
[Result "1/2-1/2"]
[TimeControl "1.30 fb 30"]
[WhiteElo "2326"]
[BlackElo "1984"]

1. e4 e6 2. d4 d5 3. Nc3 Bb4 4. exd5 exd5 5. Bd3 Nc6 6. Nf3 Nge7 7. O-O Bg4 8. h3 Bxf3 9. Qxf3 Nxd4 10.
Qg4 Bxc3 11. bxc3 Ne6 12. f4 h5 13. Qe2 Qd6 14. f5 Nc5 15. a4 Nxd3 16. cxd3 O-O-O 17. Ba3 Qb6+ 18. Kh1 Ng8 19.
Rab1 Qc6 20. Qf2 Qa6 21. Qd4 Nh6 22. Rb5 f6 23. Qb4 Rhe8 24. Ra5 Qb6 25. Rb5 Qa6 26. Ra5 Qb6 27. Rb5 1/2-1/2

[Event "XXII Obert Internacional d'Escacs Sant Marti 2022"]
[Site "Barcelona, Spain"]
[Date "2022.07.17"]
[Round "5.10"]
[White "Perpinya Rofes, Lluis Maria"]
[Black "Kshatriya, Nitin Vekhande"]
[Result "1-0"]
[TimeControl "1.30 fb 30"]
[WhiteElo "2297"]
[BlackElo "1782"]

1. e4 c5 2. Nf3 d6 3. d4 cxd4 4. Nxd4 Nf6 5. Nc3 g6 6. Be3 Bg7 7. f3 O-O 8. Qd2 Nc6 9. Bc4 Bd7 10.
O-O-O Rc8 11. Bb3 Ne5 12. Kb1 Nc4 13. Bxc4 Rxc4 14. g4 b5 15. b3 b4 16. bxc4 bxc3 17. Qxc3 Qc7 18. Ka1 Rc8 19.
Rb1 Bc6 20. Qb3 Nd7 21. c3 Nc5 22. Qc2 Ba4 23. Qd2 Qa5 24. Rb2 Na6 25. Rhb1 Be8 26. Rb7 Nc5 27. Rb8 Qc7 28. Rxc8 Qxc8 29.
Ne2 Ne6 30. Bxa7 Qxc4 31. Rb8 Qa4 32. Be3 Bf6 33. Qd5 Nc7 34. Qb3 Qa6 35. Qc2 h6 36. Bb6 Kg7 37. Bxc7 Bb5 38. Nd4 Ba4 39.
Qd2 Bd7 40. Rb1 Qc4 41. Ba5 Qa4 42. Bb4 Kh7 43. h4 Bxh4 44. Rh1 Bf6 45. Qxh6+ Kg8 46. Qd2 Bg7 47. Qd3 Qa8 48. c4 Ba4 49.
Bc3 e5 50. Nb5 Bb3 51. Rh2 Qa4 52. Nxd6 Qa3 53. Rb2 Bxa2 54. Nb5 Bxc4+ 55. Nxa3 Bxd3 56. Rd2 Ba6 57. Nc2 f6 58. Nb4 Bc4 59.
Kb2 Bh6 60. Rd8+ Kf7 61. Nd5 Bg5 62. Rd7+ Kg8 63. Kc2 Be2 64. Bd2 Bxf3 65. Bxg5 fxg5 66. Nf6+ Kf8 67. Kd3 Bd1 68. Ke3 Ba4 69.
Ra7 Bd1 70. Nd7+ Ke8 71. Nxe5 Kf8 72. Nxg6+ Ke8 73. Ne5 Kf8 74. Kd4 Ke8 75. Rb7 Ba4 76. Kd5 Kd8 77. Kd6 Kc8 78. Ra7 Bc6 79.
Kxc6 Kd8 80. Ng6 Ke8 81. Kd6 Kd8 82. Ra8# 1-0